 Dungeon Crawl Stone Soup version 0.17-a0-1562-g9b2c768 (webtiles) character file.

17246 Lathuz the Basher (level 12, -2/115 HPs)
             Began as a Minotaur Fighter on July 20, 2015.
             Was a High Priest of Okawaru.
             Splashed by an oklob plant's acid (11 damage)
             ... on level 4 of the Lair of Beasts.
             The game lasted 00:27:20 (11734 turns).

Lathuz the Basher (Minotaur Fighter)               Turns: 11734, Time: 00:27:22

Health: -2/115     AC:  3    Str: 21    XL:     12   Next: 17%
Magic:  11/11      EV:  5    Int:  5    God:    Okawaru [*****.]
Gold:   723        SH: 13    Dex: 15    Spells: 0 memorised, 11 levels left

rFire  . . .     SeeInvis .     B - +10 whip "Dragonbane" {flame, rPois}
rCold  . . .     Clarity  .     n - +0 plate armour
rNeg   . . .     SustAt   .     c - +0 shield
rPois  +         Gourm    .     (helmet restricted)
rElec  .         Spirit   .     o - +0 cloak
rCorr  .         Warding  .     q - +0 pair of gloves
rMut   .         Stasis   .     w - +0 pair of boots
MR     .....                    (no amulet)
Stlth  ..........               (no ring)
                                (no ring)

@: corroded equipment, not resistant to hostile enchantments, extremely
unstealthy
A: retaliatory headbutt, horns 2
a: Heroism, Finesse, Renounce Religion


You were on level 4 of the Lair of Beasts.
You worshipped Okawaru.
Okawaru was extremely pleased with you.
You were hungry.

You visited 3 branches of the dungeon, and saw 13 of its levels.

You collected 723 gold pieces.

Inventory:

Hand weapons
 B - the +10 whip "Dragonbane" (weapon) {flame, rPois}
   (You found it on level 4 of the Dungeon)

   It has been specially enchanted to burn those struck by it, causing extra
   injury to most foes and up to half again as much damage against particularly
   susceptible opponents.
   It protects you from poison.
 Z - the +8 morningstar of Innocence {crush, rPois rC+ MR- Stlth+}
   (Okawaru gifted it to you on level 4 of the Lair of Beasts)

   It inflicts extra damage upon your enemies.
   It protects you from cold.
   It protects you from poison.
   It affects your resistance to hostile enchantments.
   It makes you more stealthy.
Missiles
 y - 297 stones (quivered)
Armour
 c - a +0 shield (worn)
 n - a +0 plate armour (worn)
 o - a +0 cloak (worn)
 q - a +0 pair of gloves (worn)
 w - a +0 pair of boots (worn)
Jewellery
 x - a +2 ring of protection
 D - an uncursed ring of positive energy
 F - an uncursed ring of ice
 L - an uncursed ring of protection from fire
Magical devices
 e - a wand of confusion (31)
 C - a wand of cold (15)
 H - a wand of random effects (24)
 K - a wand of cold (6)
 V - a wand of fire (9)
 W - a wand of flame (18)
Scrolls
 b - 2 scrolls of blinking
 h - a scroll of teleportation
 j - 4 scrolls of identify
 m - 3 scrolls of recharging
 p - 3 scrolls of remove curse
 z - a scroll of amnesia
 J - a scroll of enchant armour
 P - a scroll of fear
 R - a scroll of noise
 T - a scroll of torment
Potions
 d - 2 potions of might
 g - a potion of invisibility
 i - a potion of flight {unknown}
 k - a potion of heal wounds {unknown}
 r - a potion of brilliance {unknown}
 t - 2 potions of cancellation
 u - 2 potions of agility
 v - a potion of poison {unknown}
 G - 3 potions of curing
 I - a potion of mutation {unknown}
 M - a potion of haste
 N - 2 potions of cure mutation
 O - a potion of lignification {unknown}
Books
 l - a book of Debilitation

   Spells                             Type                      Level
   a - Corona                         Hexes                        1
   b - Slow                           Hexes                        2
   c - Gell's Gravitas                Hexes/Translocation          3
   d - Inner Flame                    Hexes/Fire                   3
   e - Cause Fear                     Hexes                        4
   f - Leda's Liquefaction            Hexes/Earth                  4
 Q - a book of Necromancy

   Spells                             Type                      Level
   a - Pain                           Necromancy                   1
   b - Animate Skeleton               Necromancy                   1
   c - Vampiric Draining              Necromancy                   3
   d - Regeneration                   Charms/Necromancy            3
   e - Animate Dead                   Necromancy                   4
   f - Control Undead                 Necromancy                   4
 U - a book of Burglary

   Spells                             Type                      Level
   a - Swiftness                      Charms/Air                   2
   b - Passwall                       Transmutation/Earth          3
   c - Passage of Golubria            Translocation                4
   d - Lee's Rapid Deconstruction     Earth                        5
   e - Invisibility                   Hexes                        6
   f - Darkness                       Hexes                        7
 X - a book of Party Tricks

   Spells                             Type                      Level
   a - Summon Butterflies             Summoning                    1
   b - Apportation                    Translocation                1
   c - Tukima's Dance                 Hexes                        3
   d - Alistair's Intoxication        Transmutation/Poison         4
   e - Invisibility                   Hexes                        6
 Y - a book of Dreams

   Spells                             Type                      Level
   a - Ensorcelled Hibernation        Hexes/Ice                    2
   b - Phase Shift                    Translocation                5
   c - Shadow Creatures               Summoning                    5
   d - Silence                        Hexes/Air                    5
   e - Mass Confusion                 Hexes                        6
   f - Darkness                       Hexes                        7
Comestibles
 f - a slice of pizza
 s - 3 beef jerkies
 A - 3 fruits
 E - 5 meat rations
 S - 10 royal jellies


   Skills:
 + Level 13.6 Fighting
 - Level 14.0 Maces & Flails
 - Level 3.6 Armour
 + Level 13.6 Shields


You had 11 spell levels left.
You didn't know any spells.

Dungeon Overview and Level Annotations

Branches:
Dungeon (8/15)             Temple (1/1) D:7            Lair (4/8) D:8
  Swamp (0/4) Lair:4
  Snake: Lair:3-6    Spider: Lair:3-6

Altars:
Ashenzari
Cheibriados
Dithmenos
Kikubaaqudgha
Makhleb
Okawaru
Qazlal
Ru
Yredelemnul
Zin

Shops:
D:8 ?

Annotations:
Lair:4 exclusion: oklob plant


Innate Abilities, Weirdness & Mutations

You reflexively headbutt those who attack you in melee.
You have a pair of horns on your head.


Message History

You whack the oklob plant! You burn the oklob plant.
The oklob plant is severely damaged.
You hit the oklob plant. You burn the oklob plant.
You headbutt the oklob plant.
The oklob plant is almost destroyed.
The oklob plant spits acid at you. The splash of acid hits you!
* * * LOW HITPOINT WARNING * * *
The acid burns!
* * * LOW HITPOINT WARNING * * *
You hit the oklob plant. You burn the oklob plant.
The oklob plant is almost destroyed.
You hit the oklob plant but do no damage.
You headbutt the oklob plant, but do no damage.
The oklob plant is almost destroyed.
The oklob plant spits acid at you. The splash of acid hits you!
* * * LOW HITPOINT WARNING * * *
The acid corrodes you!
The acid burns!
You die...

#####†..##
.#.##...#
........###########
###......#.#......#
# ###........###.##
#.....P#.###.##
#..#..P####...#
#..#.P.## ##...##
#..#P..P# #..@..#
##....... #..P..#
#..##....#.....#
..# ##P# ##...##
#...# #####


You could see an oklob plant.

Vanquished Creatures
  2 hydras
  A queen ant (Lair:3)
  A black mamba (Lair:2)
  6 spiny frogs
  4 komodo dragons
  2 fire drakes
  Prince Ribbit (D:5)
  5 yaks (Lair:3)
  Sigmund (D:6)
  Eustachio (D:5)
  20 soldier ants (Lair:3)
  12 wolves
  Menkaure (D:7)
  6 swamp worms (Lair:4)
  Edmund (D:5)
  8 water moccasins
  5 porcupines
  A sky beast (D:7)
  An orc warrior (D:5)
  A phantom (D:5)
  8 crocodiles
  2 ogres
  15 giant frogs
  3 scorpions
  An electric eel (Lair:4)
  2 vampire bats (D:5)
  4 crimson imps
  4 hounds
  8 orc wizards
  8 iguanas
  13 jellies
  5 orc priests
  5 sheep (Lair:2)
  27 worker ants
  13 gnolls
  11 adders
  13 river rats
  2 shadow imps (D:7)
  14 oozes
  A worm (D:2)
  3 adder skeletons
  4 giant geckos
  24 orcs
  A ball python (D:3)
  17 bats
  3 bat skeletons (D:5)
  3 bat zombies (D:5)
  5 giant cockroaches
  16 goblins
  14 hobgoblins
  9 jackals
  2 quokkas
  3 giant newts
  2 jackal skeletons
  10 kobolds
  A quokka zombie (D:7)
  16 rats
  A plant (Lair:3)
373 creatures vanquished.

Vanquished Creatures (others)
  12 fungi
  A plant (Lair:3)
13 creatures vanquished.

Grand Total: 386 creatures vanquished

Notes
Turn   | Place    | Note
--------------------------------------------------------------
     0 | D:1      | Lathuz the Minotaur Fighter began the quest for the Orb.
     0 | D:1      | Reached XP level 1. HP: 19/19 MP: 0/0
   209 | D:1      | Reached XP level 2. HP: 26/26 MP: 1/1
   840 | D:2      | Reached skill level 4 in Maces & Flails
  1016 | D:2      | Reached XP level 3. HP: 31/31 MP: 2/2
  1220 | D:2      | Found a basalt altar of Yredelemnul.
  1492 | D:2      | Reached skill level 5 in Maces & Flails
  1722 | D:3      | Reached XP level 4. HP: 37/39 MP: 3/3
  1793 | D:3      | Reached skill level 6 in Maces & Flails
  1806 | D:3      | Reached XP level 5. HP: 6/45 MP: 4/4
  2275 | D:3      | Reached skill level 7 in Maces & Flails
  2488 | D:3      | Reached XP level 6. HP: 41/51 MP: 5/5
  2680 | D:3      | Reached skill level 8 in Maces & Flails
  3424 | D:4      | Reached skill level 9 in Maces & Flails
  3443 | D:4      | Reached XP level 7. HP: 33/57 MP: 6/6
  3593 | D:4      | Got a scorched whip
  3765 | D:4      | Found a burning altar of Makhleb.
  3765 | D:4      | Noticed an Executioner
  3989 | D:4      | Identified the +10 whip "Dragonbane" {flame, rPois} (You found it on level 4 of the Dungeon)
  4022 | D:5      | Entered Level 5 of the Dungeon
  4065 | D:5      | Noticed Prince Ribbit
  4075 | D:5      | Killed Prince Ribbit
  4075 | D:5      | Reached skill level 10 in Maces & Flails
  4184 | D:5      | Found a sacrificial altar of Ru.
  4268 | D:5      | Found an ancient bone altar of Kikubaaqudgha.
  4322 | D:5      | Reached skill level 11 in Maces & Flails
  4337 | D:5      | Reached XP level 8. HP: 64/64 MP: 7/7
  4409 | D:5      | Found a shadowy altar of Dithmenos.
  4519 | D:5      | Noticed Edmund
  4530 | D:5      | Killed Edmund
  4530 | D:5      | Reached skill level 12 in Maces & Flails
  4704 | D:5      | Noticed Eustachio
  4709 | D:5      | Killed Eustachio
  4889 | D:5      | Reached skill level 13 in Maces & Flails
  4896 | D:5      | Found a stormy altar of Qazlal.
  4897 | D:5      | Noticed an air elemental
  4898 | D:5      | Noticed a water elemental
  4898 | D:5      | Noticed a fire elemental
  4961 | D:6      | Noticed Sigmund
  5022 | D:6      | Killed Sigmund
  5182 | D:6      | Reached XP level 9. HP: 70/70 MP: 8/8
  5560 | D:6      | Reached skill level 14 in Maces & Flails
  5672 | D:7      | Found a glowing silver altar of Zin.
  5691 | D:7      | Noticed Menkaure
  5696 | D:7      | Killed Menkaure
  5720 | D:7      | Reached skill level 5 in Fighting
  5985 | D:7      | Reached skill level 5 in Shields
  6073 | D:7      | Found a staircase to the Ecumenical Temple.
  6082 | Temple   | Entered the Ecumenical Temple
  6098 | Temple   | Became a worshipper of Warmaster Okawaru
  6718 | D:8      | Found a staircase to the Lair.
  6718 | D:8      | Noticed a fire drake
  6725 | D:8      | Killed a fire drake
  6913 | D:8      | Found Idoetty's Magic Scroll Shoppe.
  7190 | D:8      | Found a snail-covered altar of Cheibriados.
  7339 | Lair:1   | Entered Level 1 of the Lair of Beasts
  7349 | Lair:1   | Acquired Okawaru's first power
  7351 | Lair:1   | Noticed a fire drake
  7359 | Lair:1   | Killed a fire drake
  7396 | Lair:1   | Reached XP level 10. HP: 78/86 MP: 9/9
  7538 | Lair:1   | Noticed a spiny frog
  7548 | Lair:1   | Killed a spiny frog
  7584 | Lair:1   | Noticed a komodo dragon
  7591 | Lair:1   | Killed a komodo dragon
  7719 | Lair:1   | Noticed a spiny frog
  7728 | Lair:1   | Killed a spiny frog
  7865 | Lair:1   | Noticed a four-headed hydra
  7875 | Lair:1   | Killed a four-headed hydra
  8438 | Lair:2   | Noticed a black mamba
  8452 | Lair:2   | Killed a black mamba
  8646 | Lair:2   | Reached skill level 10 in Shields
  8652 | Lair:2   | Reached skill level 10 in Fighting
  8713 | Lair:2   | Found a labyrinth entrance.
  9450 | Lair:3   | Reached XP level 11. HP: 90/101 MP: 10/10
  9709 | Lair:3   | Noticed a six-headed hydra
  9719 | Lair:3   | Killed a six-headed hydra
 10072 | Lair:3   | Acquired Okawaru's second power
 10458 | Lair:3   | Noticed a queen ant
 10488 | Lair:3   | Killed a queen ant
 10546 | Lair:3   | Received a gift from Okawaru
 11177 | Lair:3   | Reached XP level 12. HP: 97/115 MP: 11/11
 11480 | Lair:4   | Received a gift from Okawaru
 11486 | Lair:4   | Got a bloodstained morningstar {god gift}
 11487 | Lair:4   | Identified the +8 morningstar of Innocence {crush, rPois rC+ MR- Stlth+} (Okawaru gifted it to you on level 4 of the Lair of Beasts)
 11627 | Lair:4   | Found a staircase to the Swamp.
 11734 | Lair:4   | Splashed by an oklob plant's acid

Vault maps used:
D:1:      lightli_arrival_noodles, lemuel_flame_loot_1
D:2:      lemuel_round_altar, serial_bayou, serial_bayou_crossing,
          serial_bayou_shore_a, serial_bayou_lake_a, serial_bayou_pond_e,
          kennysheep_generic_room_10
D:3:      first_bread, grunt_ministairs_7, kennysheep_generic_room_12
D:4:      makhleb_altar_promises_db
D:5:      lemuel_doored_altar, kennysheep_vampire_church, lemuel_round_altar,
          nicolae_qazlal_style_of_elements, uniq_prince_ribbit1, uniq_edmund,
          uniq_eustachio
D:6:      uniq_sigmund
D:7:      zin_statuary, minmay_temple_entry_poolview, uniq_menkaure
D:8:      kennysheep_little_box, minmay_lair_entry_lava, serial_shops,
          nicolae_shop_behind_doors, hangedman_little_slice_of_home
Temple:   oiseaux_autumnal_temple_12
Lair:1:   eino_small_chamber_without_monster, grunt_megastairs_4
Lair:2:   lab_entry_generic
Lair:3:   minivault_29
Lair:4:   lemuel_slime, nicolae_swamp_entry_splash_gauntlet,
          grunt_forest_small_clearings

Action                   |  1- 3 |  4- 6 |  7- 9 | 10-12 || total
-------------------------+-------+-------+-------+-------++-------
Melee: Flail             |   111 |   205 |    41 |       ||   357
       Whip              |       |       |   304 |   527 ||   831
Throw: Stone             |       |       |       |     1 ||     1
Invok: Heroism           |       |       |       |     2 ||     2
  Use: Scroll            |       |       |    11 |    13 ||    24
  Eat: Chunk             |     1 |     3 |     8 |     5 ||    17
       Bread ration      |     1 |       |     1 |     2 ||     4
